 Dungeon Crawl Stone Soup version 0.29.0 (webtiles) character file.

Game seed: 12152326277371390614

2335 samcosmo the Thaumaturge (level 9, -4/45 HPs)
             Began as a Deep Elf Earth Elementalist on Sept 10, 2022.
             Killed from afar by an electric eel (9 damage)
             ... with a bolt of electricity
             ... on level 6 of the Dungeon.
             The game lasted 00:19:10 (6405 turns).

samcosmo the Thaumaturge (DEEE)                     Turns: 6405, Time: 00:19:10

Health: -4/45      AC:  4    Str:  5    XL:     9   Next: 19%
Magic:  12/24      EV: 13    Int: 25    God:
Gold:   344        SH:  0    Dex: 21    Spells: 18/27 levels left

rFire   . . .      SeeInvis .   p - +1 dagger (venom)
rCold   . . .      Faith    .   (no shield)
rNeg    . . .      Spirit   .   a - +0 robe
rPois   .          Reflect  .   (no helmet)
rElec   .          Harm     .   B - +0 cloak
rCorr   +          Rampage  .   j - +0 pair of gloves
Will    .....                   (no boots)
Stlth   ++........              (no amulet)
HPRegen 0.15/turn               s - ring of resist corrosion
MPRegen 0.19/turn               l - +6 ring of dexterity

@: no status effects
A: no striking features
a: no special abilities


You were on level 6 of the Dungeon.
You visited 1 branch of the dungeon, and saw 6 of its levels.

You collected 344 gold pieces.

Inventory:

Hand Weapons
 p - a +1 dagger of venom (weapon)
Armour
 a - a +0 robe (worn)
 j - a +0 pair of gloves (worn)
 B - a +0 cloak (worn)
Jewellery
 d - a ring of see invisible
 l - a +6 ring of dexterity (right hand)
 s - a ring of resist corrosion (left hand)
Wands
 t - a wand of roots (4)
 w - a wand of light (7)
 x - a wand of paralysis (10)
 A - a wand of mindburst (3)
Scrolls
 c - a scroll of blinking
 k - a scroll of enchant weapon
 n - 2 scrolls of magic mapping
 r - a scroll of fear {unknown}
 u - a scroll of summoning {unknown}
 y - a scroll of immolation {unknown}
 C - 2 scrolls of amnesia {unknown}
Potions
 b - 2 potions of magic
 e - 3 potions of might
 f - 3 potions of haste
 g - a potion of degeneration
 h - 4 potions of curing
 i - a potion of cancellation
 m - a potion of flight
 o - 2 potions of heal wounds
 q - a potion of brilliance
 v - 2 potions of berserk rage
 z - a potion of ambrosia


   Skills:
 - Level 2.4 Dodging
 - Level 2.4 Stealth
 * Level 9.9 Spellcasting
 - Level 1.4 Conjurations
 - Level 1.1 Transmutations
 + Level 0.3 Ice Magic
 - Level 5.8 Air Magic
 - Level 9.2 Earth Magic


You had 18 spell levels left.
You knew the following spells:

 Your Spells              Type           Power      Damage    Failure   Level
a - Sandblast             Erth           100%       2d20      1%          1
b - Passwall              Tmut/Erth      31%        N/A       1%          2
c - Stone Arrow           Conj/Erth      78%        3d11      1%          3
d - Swiftness             Air            41%        N/A       1%          3

Your spell library contained the following spells:

 Spells                   Type           Power      Damage    Failure   Level
 Petrify                  Tmut/Erth      38%        N/A       6%          4
 Ensorcelled Hibernation  Hex/Ice        26%        N/A       7%          2
 Frozen Ramparts          Ice            28%        1d5       13%         3
 Portal Projectile        Hex/Tloc       24%        N/A       16%         3
 Tukima's Dance           Hex            12%        N/A       16%         3
 Ice Form                 Ice/Tmut       15%        N/A       36%         4
 Blade Hands              Tmut           8%         N/A       65%         5
 Polar Vortex             Ice            7%         N/A       100%        9


Dungeon Overview and Level Annotations

Branches:
Dungeon (6/15)
 Temple: D:4-7

Altars:
Qazlal
Yredelemnul
Zin

Shops:
D:2 (


Message History

Aiming: Sandblast (safe; 1% risk of failure)
Press: ? - help, Shift-Dir - straight line, f/p - electric eel
Aim: an electric eel (almost dead, 76% to hit)
The blast of sand hits the electric eel!
You kill the electric eel!
The electric eel shoots out a bolt of lightning at you!
The bolt of electricity hits the electric eel.
The electric eel completely resists.
The bolt of electricity hits you!
Casting: Sandblast (safe; 1% risk of failure)
Confirm with . or Enter, or press ? or * to list all spells.
Aiming: Stone Arrow (safe; 1% risk of failure)
Press: ? - help, Shift-Dir - straight line, f - electric eel
Aim: an electric eel (57% to hit)
The stone arrow misses the electric eel.
The electric eel shoots out a bolt of lightning at you!
The bolt of electricity misses you.
The electric eel shoots out a bolt of lightning at you!
The bolt of electricity hits the electric eel.
The electric eel completely resists.
The bolt of electricity hits you.
Casting: Stone Arrow (safe; 1% risk of failure)
Confirm with . or Enter, or press ? or * to list all spells.
Aiming: Stone Arrow (safe; 1% risk of failure)
Press: ? - help, Shift-Dir - straight line, f/p - electric eel
Aim: an electric eel (57% to hit)
The stone arrow misses the electric eel.
Casting: Stone Arrow (safe; 1% risk of failure)
Confirm with . or Enter, or press ? or * to list all spells.
Aiming: Stone Arrow (safe; 1% risk of failure)
Press: ? - help, Shift-Dir - straight line, f - electric eel, p - electric eel
Aim: an electric eel (57% to hit)
The stone arrow misses the electric eel.
The electric eel shoots out a bolt of lightning at you!
The bolt of electricity hits you!
The electric eel shoots out a bolt of lightning at you!
The bolt of electricity hits you!
* * * LOW HITPOINT WARNING * * *
The electric eel shoots out a bolt of lightning at you!
The bolt of electricity hits the plant!
The plant begins to die.
The bolt of electricity hits you!
You die...

##### ### ##...#
##.########....#
#..#...)[≈##'#.#
#.#@..P~~≈≈#.#.#
#.#....P).≈#.#.#####
##~#...~.(S≈#~#.##...
#~~##..~.S≈##~#....#.
##~##########~####..##
#..# ..~)≈##~## #.^..
#.#+ .P..SS#~# ##...
#~# ..~$.≈#.######...
#~# .PP.≈≈#.#........


You could see 2 electric eels.

Vanquished Creatures
  Pikel (D:4)
  A troll (D:6)
  A vampire mosquito (D:6)
  A water moccasin (D:6)
  2 black bears
  An orc warrior (D:6)
  An ogre (D:5)
  2 centaurs
  2 lemures (D:5)
  2 phantoms
  A scorpion (D:4)
  Blork the orc (D:4)
  A bullfrog (D:5)
  An electric eel (D:6)
  2 howler monkeys
  3 hounds
  2 jellies
  An orc priest (D:6)
  Ijyb (D:4)
  3 iguanas
  9 adders
  2 white imps
  2 ufetubi
  A worm (D:5)
  2 dart slugs
  7 orcs
  13 ball pythons
  7 bats
  3 endoplasms
  6 giant cockroaches
  9 goblins
  7 hobgoblins
  2 jackals (D:1)
  4 quokkas
  2 frilled lizards
  6 kobolds
  2 rats
114 creatures vanquished.

Vanquished Creatures (others)
  A plant (D:6)
1 creature vanquished.

Grand Total: 115 creatures vanquished

Notes
Turn   | Place    | Note
-------+----------+-------------------------------------------
     0 | D:1      | samcosmo the Deep Elf Earth Elementalist began the quest
                  | for the Orb.
     0 | D:1      | Reached XP level 1. HP: 10/10 MP: 6/6
    33 | D:1      | Found a faded altar of an unknown god.
   174 | D:1      | Reached XP level 2. HP: 15/15 MP: 4/8
   930 | D:2      | Reached XP level 3. HP: 9/19 MP: 4/11
  1287 | D:2      | Found Divvi's Antique Weapon Emporium.
  1378 | D:2      | Identified the +6 ring mail of Uzoh {rElec Str+4}
  1423 | D:2      | Identified the +1 leather armour "Idemuwk" {Harm Int-5
                  | Dex+4}
  1642 | D:2      | Reached skill level 5 in Spellcasting
  1802 | D:2      | Reached XP level 4. HP: 24/24 MP: 10/13
  2406 | D:3      | Found a stormy altar of Qazlal.
  2805 | D:4      | Noticed a scorpion
  2812 | D:4      | Learned a level 2 spell: Passwall
  2816 | D:4      | Learned a level 3 spell: Stone Arrow
  2829 | D:4      | HP: 1/24 [poisoned by a scorpion]
  2831 | D:4      | Killed a scorpion
  2832 | D:4      | Reached XP level 5. HP: 3/28 MP: 0/15
  3304 | D:4      | Identified the +0 scale mail "Wole" {rF- rC- Str+4 Dex+7}
  3332 | D:4      | Noticed Blork the orc
  3452 | D:4      | Noticed a lemure
  3538 | D:4      | Noticed Ijyb
  3557 | D:5      | Entered Level 5 of the Dungeon
  3559 | D:5      | Reached skill level 5 in Earth Magic
  3590 | D:4      | Noticed Pikel
  3590 | D:4      | Noticed a lemure
  3592 | D:4      | Noticed a lemure
  3632 | D:5      | Found a glowing silver altar of Zin.
  3632 | D:5      | Noticed an angel
  3652 | D:5      | Reached XP level 6. HP: 32/32 MP: 12/17
  3892 | D:5      | Reached XP level 7. HP: 24/36 MP: 11/20
  4730 | D:4      | Killed Pikel
  4731 | D:4      | Reached XP level 8. HP: 41/41 MP: 8/22
  4967 | D:4      | Killed Ijyb
  5080 | D:4      | Killed Blork the orc
  5435 | D:6      | Learned a level 3 spell: Swiftness
  5489 | D:6      | Reached skill level 1 in Air Magic
  5628 | D:6      | HP: 1/41 [orc warrior/+0 flail (5)]
  5949 | D:6      | Found a basalt altar of Yredelemnul.
  5981 | D:6      | Reached skill level 5 in Air Magic
  5999 | D:6      | Reached XP level 9. HP: 30/45 MP: 16/24
  6100 | D:6      | Got the Volume of Hypothermia
  6285 | D:6      | Noticed a troll
  6290 | D:6      | Killed a troll
  6291 | D:6      | Reached skill level 1 in Conjurations
  6405 | D:6      | Killed from afar by an electric eel

Illustrated notes

Levels and vault maps discovered:
D:1:      psy_arrival_conway, layout_basic, ebering_ecumenical_altar_hall,
          minmay_cupped
D:2:      minmay_wonky_spiral, layout_loops_cross, serial_shops,
          nicolae_shop_crystal
D:3:      layout_loops_ring, grunt_qazlal_clouds
D:4:      layout_basic, hex_tiny, minivault_23, uniq_ijyb, uniq_pikel,
          uniq_blork_the_orc
D:5:      layout_cave_pools, zin_angel, serial_bayou_crossing
D:6:      cheibrodos_two_vegetables, layout_rooms, mainiacjoe_overflow_alcove_1,
          minmay_small_thing

Skill      XL: |  1  2  3  4  5  6  7  8  9 |
---------------+----------------------------+-----
Spellcasting   | 4 5 6 7 8 9 |  9.9
Earth Magic    | 4 5 6 8 9 |  9.2
Air Magic      | 5 |  5.8
Conjurations   | 1 |  1.4
Dodging        | |  2.4
Stealth        | |  2.4
Transmutations | |  1.1
Ice Magic      | |  0.3

Action                   |  1- 3 |  4- 6 |  7- 9 || total
-------------------------+-------+-------+-------++-------
Melee: Dagger            |       |     6 |       ||     6
 Cast: Sandblast         |    48 |    46 |    35 ||   129
       Stone Arrow       |       |    11 |    46 ||    57
       Passwall          |       |     1 |       ||     1
  Use: Potion            |       |     1 |     1 ||     2
       Scroll            |       |    12 |     2 ||    14
Armor: Robe              |     4 |     5 |     3 ||    12
Dodge: Dodged            |     2 |    24 |    22 ||    48
